 Dungeon Crawl Stone Soup version 0.23-a0-690-g0a1fc62c7c (webtiles) character file.

329346 Morbidden the Peltast (level 21, -8/114 HPs)
             Began as a Vine Stalker Fighter on Jan 10, 2019.
             Was the Champion of Cheibriados.
             Blown up by a lich (23 damage)
             ... with a wavering orb of destruction
             ... on level 2 of the Depths on Jan 11, 2019.
             The game lasted 02:29:45 (36002 turns).

Morbidden the Peltast (Vine Stalker Fighter)       Turns: 36002, Time: 02:29:45

Health: -8/114     AC: 28    Str: 36    XL:     21   Next: 72%
Magic:  0/50       EV: 15    Int: 34    God:    Cheibriados [******]
Gold:   2975       SH: 25    Dex: 39    Spells: 50/50 levels left

rFire    + . .     SeeInvis +   a - +6 demon blade (elec)
rCold    + . .     Gourm    .   e - +0 large shield
rNeg     + . .     Faith    .   W - +0 crystal plate armour
rPois    .         Spirit   +   Y - +1 helmet {Int+3}
rElec    +         Reflect  .   h - scarf {rC+ rF+}
rCorr    .         Harm     .   t - +2 pair of gloves
MR       ++...                  V - +1 pair of boots "Alabin" {Int+2}
Stlth    ..........             T - amulet of Wegiem {+Inv Regen+ Int+6}
HPRegen  1.49/turn              q - ring of magical power
MPRegen  0.32/turn              B - ring of the Cast Vote {*Corrode rElec rN+ SInv}

@: studying Long Blades, very slow
A: fangs 3, regeneration 2, strong 1, magic shield, antimagic bite, no potion
heal 3, rot immunity, MP-powered wands
}: 2/15 runes: serpentine, barnacled
a: Bend Time, Temporal Distortion, Slouch, Step From Time, Renounce Religion,
Evoke Invisibility


You were on level 2 of the Depths.
You worshipped Cheibriados.
Cheibriados was exalted by your worship.
You were full.

You visited 8 branches of the dungeon, and saw 37 of its levels.
You also visited: Trove and Gauntlet.

You collected 4680 gold pieces.
You spent 1705 gold pieces at shops.

Inventory:

Hand Weapons
 a - a +6 demon blade of electrocution (weapon)
 b - the +11 fustibalus of Teutoatt {velocity, rPois MP+9 Int-2 Stlth+}
   (You found it in a Gauntlet)

   Any stone fired from it inflicts extra damage.
   It affects your intelligence (-2).
   It protects you from poison.
   It affects your magic capacity (+9).
   It makes you more stealthy.
 Q - a +2 double sword of venom
Missiles
 g - 25 poisoned javelins (quivered)
 H - 253 sling bullets
 S - 51 javelins
 Z - 18 silver javelins
Armour
 e - a +0 large shield (worn)
 h - a scarf of resistance (worn)
 t - a +2 pair of gloves (worn)
 V - the +1 pair of boots "Alabin" (worn) {Int+2}
   (You found it in a Gauntlet)

   It affects your intelligence (+2).
 W - a +0 crystal plate armour (worn)
 Y - a +1 helmet of intelligence (worn)
Jewellery
 c - an uncursed ring of magical power
 l - the ring of Moderation {Fire Dex+4}
   (You found it on level 1 of the Snake Pit)

   [ring of fire]

   It enhances your fire magic.
   It affects your dexterity (+4).
   It protects you from fire.
   It makes you vulnerable to cold.
 q - a ring of magical power (left hand)
 B - the ring of the Cast Vote (right hand) {*Corrode rElec rN+ SInv}
   (You bought it in a shop on level 2 of the Orcish Mines)

   [ring of see invisible]

   It insulates you from electricity.
   It protects you from negative energy.
   It lets you see invisible.
   It may corrode you when you take damage.
 T - the amulet of Wegiem (around neck) {+Inv Regen+ Int+6}
   (You bought it in a shop on level 4 of the Snake Pit)

   [amulet of regeneration]

   It affects your intelligence (+6).
   It lets you turn invisible.
   It increases your rate of regeneration.
 X - the ring of Sil Avei {Fire Str+4}
   (You found it on level 2 of the Shoals)

   [ring of fire]

   It enhances your fire magic.
   It affects your strength (+4).
   It protects you from fire.
   It makes you vulnerable to cold.
Wands
 r - a wand of iceblast (10)
 u - a wand of clouds (2)
 G - a wand of paralysis (37)
 I - a wand of polymorph (7)
 K - a wand of acid (23)
Scrolls
 i - 6 scrolls of immolation
 k - 3 scrolls of enchant armour
 p - 18 scrolls of remove curse
 w - 10 scrolls of amnesia
 x - 2 scrolls of blinking
 y - a scroll of magic mapping
 C - 2 scrolls of torment
 J - 4 scrolls of fog
 M - a scroll of holy word
 P - 5 scrolls of fear
 U - 6 scrolls of teleportation
Potions
 d - 6 potions of might
 m - 6 potions of flight
 o - 4 potions of brilliance
 s - 2 potions of resistance
 v - 9 potions of curing
 z - a potion of cancellation
 D - 7 potions of agility
 E - 2 potions of invisibility
 F - 4 potions of mutation
 L - 3 potions of lignification
 N - 2 potions of ambrosia
 R - 2 potions of magic
Books
 A - a manual of Long Blades
Miscellaneous
 j - a phantom mirror
 n - a lamp of fire
Comestibles
 f - 63 rations


   Skills:
 + Level 13.5 Fighting
 - Level 14.0 Long Blades
 * Level 13.1 Slings
 + Level 9.6 Armour
 * Level 9.9 Dodging
 + Level 7.8 Stealth
 + Level 15.0 Shields
 * Level 15.0 Spellcasting
 + Level 10.6 Invocations
 + Level 2.1 Evocations


You had 50 spell levels left.
You didn't know any spells.
Your spell library contained the following spells:

 Spells                   Type           Power        Failure   Level  Hunger
 Apportation              Tloc           ####..       65%         1    None
 Beastly Appendage        Tmut           ####..       65%         1    None
 Corona                   Hex            ####...      65%         1    None
 Freeze                   Ice            ####         65%         1    None
 Infusion                 Chrm           ####         65%         1    None
 Magic Dart               Conj           ####         65%         1    None
 Sandblast                Erth           ####..       65%         1    None
 Shock                    Conj/Air       ####         65%         1    None
 Sting                    Conj/Pois      ####         65%         1    None
 Summon Butterflies       Summ           ####....     65%         1    None
 Blink                    Tloc           N/A          80%         2    None
 Call Imp                 Summ           ####....     80%         2    None
 Ensorcelled Hibernation  Hex/Ice        ####..       80%         2    None
 Passwall                 Tmut/Erth      ####....     80%         2    None
 Poisonous Vapours        Pois/Air       ####..       80%         2    None
 Searing Ray              Conj           ####..       80%         2    None
 Shroud of Golubria       Chrm/Tloc      ####......   80%         2    None
 Slow                     Hex            ####....     80%         2    None
 Song of Slaying          Chrm           ####....     80%         2    None
 Sticks to Snakes         Tmut           ####....     80%         2    None
 Swiftness                Chrm/Air       ####....     80%         2    None
 Throw Frost              Conj/Ice       ####..       80%         2    None
 Call Canine Familiar     Summ           ####....     95%         3    None
 Confuse                  Hex            ####....     95%         3    None
 Conjure Flame            Conj/Fire      ####....     95%         3    None
 Dazzling Spray           Conj/Hex       ####..       95%         3    None
 Mephitic Cloud           Conj/Pois/Air  ####....     95%         3    None
 Ozocubu's Armour         Chrm/Ice       ####....     95%         3    None
 Recall                   Summ/Tloc      N/A          95%         3    None
 Regeneration             Chrm/Necr      ####......   95%         3    None
 Spectral Weapon          Hex/Chrm       ####....     95%         3    None
 Spider Form              Tmut/Pois      ####......   95%         3    None
 Static Discharge         Conj/Air       ####....     95%         3    None
 Stone Arrow              Conj/Erth      ####..       95%         3    None
 Tukima's Dance           Hex            ####....     95%         3    None
 Airstrike                Air            ####......   100%        4    None
 Force Lance              Conj/Tloc      ####....     100%        4    None
 Fulminant Prism          Conj/Hex       ####......   100%        4    None
 Ice Form                 Ice/Tmut       ####....     100%        4    None
 Iskenderun's Mystic Bla  Conj           ####....     100%        4    None
 Leda's Liquefaction      Hex/Erth       ####......   100%        4    None
 Olgreb's Toxic Radiance  Pois           ####....     100%        4    None
 Petrify                  Tmut/Erth      ####....     100%        4    None
 Summon Ice Beast         Ice/Summ       ####....     100%        4    None
 Summon Lightning Spire   Summ/Air       ####....     100%        4    None
 Throw Icicle             Conj/Ice       ####....     100%        4    None
 Blade Hands              Tmut           ####......   100%        5    None
 Bolt of Magma            Conj/Fire/Erth ####......   100%        5    None
 Fireball                 Conj/Fire      ####......   100%        5    None
 Lee's Rapid Deconstruct  Erth           ####......   100%        5    None
 Lightning Bolt           Conj/Air       ####......   100%        5    None
 Silence                  Hex/Air        ####......   100%        5    None
 Summon Mana Viper        Hex/Summ       ####....     100%        5    None
 Venom Bolt               Conj/Pois      ####......   100%        5    None
 Conjure Ball Lightning   Conj/Air       ####......   100%        6    ##.....
 Deflect Missiles         Chrm/Air       ####......   100%        6    ##.....
 Iron Shot                Conj/Erth      ####......   100%        6    ##.....
 Statue Form              Tmut/Erth      ####.....    100%        6    ##.....
 Malign Gateway           Summ/Tloc      ####......   100%        7    ####...
 Summon Hydra             Summ           ####......   100%        7    ####...
 Shatter                  Erth           ####......   100%        9    #######
 Tornado                  Air            ####......   100%        9    #######


Dungeon Overview and Level Annotations

Branches:
Dungeon (15/15)            Temple (0/1) D:5            Lair (6/6) D:11
 Shoals (4/4) Lair:2        Snake (4/4) Lair:2        Slime (0/5) Lair:5
    Orc (2/2) D:11            Elf (2/3) Orc:2        Vaults (2/5) D:13
 Depths (2/5) D:15
  Crypt: Vaults:2-3

Altars:
Cheibriados
Dithmenos
Elyvilon
Gozag
Hepliaklqana
Kikubaaqudgha
Nemelex Xobeh
Okawaru
Trog
Uskayaw
Vehumet
Xom
The Shining One
Beogh

Shops:
D:8 *   Orc:1 *   Orc:2 :[(*=   Snake:3 [   Snake:4 =}}   Vaults:1 *
Vaults:2 ?[

Portals:
Hell: Depths:1

Annotations:
D:11 2 transporters, ilii's ghost, journeyman MfSu
Lair:2 1 runed door, WhatIsLove's ghost, journeyman FoMo
Lair:4 1 runed door, exclusion: oklob plant, Cemeysch's ghost, journeyman GnWn
Lair:5 exclusion: door
Elf:1 2 transporters, Emeyfac's ghost, adept TrCK
Vaults:2 Sojobo


Innate Abilities, Weirdness & Mutations

You have razor-sharp teeth.
You heal very quickly.
When hurt, damage is shared between your health and your magic reserves.
Your bite disrupts and absorbs the magic of your enemies.
Potions cannot restore your health.
You are immune to rotting.
Your muscles are strong. (Str +2)
You expend magic power (3 MP) to strengthen your wands.


Message History

The quicksilver dragon barely misses you.
You block the lich's attack.
Unknown command.
Unknown command.
Unknown command.
Unknown command.
Unknown command.
Unknown command.
Unknown command.
You can feel time thicken for a moment.
You kill the quicksilver dragon!
Cheibriados thoroughly appreciates the change of pace.
The quicksilver dragon scales are intact enough to wear.
Your Spellcasting skill increases to level 15!
You feel somewhat less full.
The hell knight seems less brilliant.
The lich seems less brilliant.
The frost giant seems less brilliant.
The fire giant seems less brilliant.
The fire giant falters for a moment.
The lich launches a ball of destructive magic.
The wavering orb of destruction weakly hits you!
You die...

#......'.....'........#
#......#####+##.......#
#.............#.......#
#.............#.......#
...............#.......#
...............#..>.####
.#######.......#....##.###
#.....CC#.........#
#.....L@#.........#
#.....[p#......)..#
+...(...#.....))..+
#...#(#.......##)).#
...###.###.....##...###+##
..##.....##..............#
##..(....##.............#
...###.Ci#....<........#
##.C##.....)......#


You could see a frost giant, a fire giant, a lich and a hell knight.

Vanquished Creatures
  A caustic shrike (Depths:1)
  A lich (Vaults:2)
  A titan (Depths:2)
  A quicksilver dragon (Depths:2)
  A sphinx (Depths:1)
  A kraken (Shoals:2)
  The ghost of Pedoas the Champion of Chaos, an adept DDFi of Makhleb (Shoals:3)
  Kirke (Snake:1)
  A storm dragon (Vaults:1)
  10 nagarajas
  4 tengu reavers
  A fire giant (Depths:1)
  5 frost giants
  2 orc warlords
  Louise (Shoals:1)
  3 vault wardens (Vaults:2)
  5 ironheart preservers
  3 stone giants
  2 very ugly things
  2 deep elf annihilators
  Azrael (Orc:2)
  The ghost of lis82 the Cleaver, a journeyman DgFi (D:14)
  A minotaur (Gauntlet)
  3 ettins (Vaults:2)
  2 deep elf demonologists (Vaults:2)
  2 deep elf death magi (Vaults:1)
  Snorg (Lair:3)
  3 merfolk javelineers
  Josephine (Snake:1)
  2 jiangshi (Depths:1)
  3 fire dragons
  7 merfolk impalers
  2 yaktaur captains (Vaults:1)
  2 deep elf high priests (Depths:2)
  3 vault guards (Vaults:2)
  3 ice dragons
  A great orb of eyes (Vaults:2)
  17 naga warriors
  2 rakshasas
  4 hydras
  4 merfolk avatars
  5 centaur warriors
  2 spriggan air magi (Depths:2)
  21 two-headed ogres
  2 alligator snapping turtles (Shoals:4)
  A death knight (Vaults:1)
  A two-headed ogre (shapeshifter) (Vaults:2)
  15 anacondas
  35 dancing weapons
  6 ogre magi
  3 deep troll shamans (Depths:1)
  2 catoblepae
  4 tengu warriors (D:14)
  2 satyrs (Shoals:4)
  8 merfolk aquamancers
  A vampire mage (Depths:1)
  Urug (D:13)
  An orc high priest (Orc:2)
  5 naga sharpshooters
  Sonja (D:13)
  4 shock serpents
  12 deep elf knights
  3 shadow wraiths
  A salamander mystic (Snake:3)
  A sixfirhy (D:8)
  An unseen horror (shapeshifter) (D:14)
  4 fire crabs
  21 sea snakes
  2 unseen horrors (D:14)
  A glowing orange brain (Depths:1)
  2 flayed ghosts
  2 wizards
  9 naga ritualists
  3 deep elf archers
  39 deep elf magi
  Pikel (D:6)
  14 harpies
  A wolf spider zombie (D:14)
  2 lindwurms (Lair:6)
  7 ironbrand convokers
  A necromancer (Vaults:1)
  9 orc knights
  A wolf spider (Vaults:1)
  13 mana vipers
  A cyclops (shapeshifter) (Depths:2)
  4 orc sorcerers
  8 manticores
  4 ugly things
  3 fauns (Shoals:4)
  An oklob plant (Lair:5)
  7 salamanders
  8 merfolk sirens
  6 cyclopes
  A black mamba (shapeshifter) (Elf:2)
  24 elephants
  5 water nymphs
  5 torpor snails (Lair:6)
  10 vault sentinels
  10 guardian serpents
  16 naga magi
  37 black mambas
  11 spiny frogs
  A yaktaur zombie (Vaults:1)
  A freezing wraith (Vaults:1)
  5 komodo dragons
  A rime drake (Lair:3)
  2 efreet
  2 yaktaurs (shapeshifter) (D:14)
  A rime drake (shapeshifter) (Elf:1)
  11 yaktaurs
  4 red devils (D:13)
  3 spectral merfolk (Shoals:3)
  8 trolls
  A queen bee (Gauntlet)
  4 wind drakes
  9 polar bears (Lair:6)
  31 merfolk
  8 hornets
  9 slime creatures
  9 blink frogs
  14 dream sheep
  3 tyrant leeches (Lair:6)
  7 hippogriffs
  8 snapping turtles
  A dream sheep (shapeshifter) (Vaults:1)
  A centaur simulacrum (D:15)
  A fire giant simulacrum (Vaults:1)
  A spectral wind drake (Shoals:3)
  8 shadows
  2 air elementals
  2 wyverns
  Eustachio (D:4)
  9 wraiths
  25 yaks
  7 fire elementals
  4 fire bats (Gauntlet)
  38 water elementals
  2 hungry ghosts
  4 hogs
  4 basilisks
  3 vampire mosquitoes
  A steam dragon (Lair:3)
  Grum (D:8)
  9 wargs
  47 nagas
  2 acid dragons
  19 water moccasins
  A soldier ant (D:12)
  A floating eye (Depths:1)
  5 porcupines
  33 orc warriors
  17 hell hounds
  4 ice beasts
  An eye of draining (D:13)
  A black bear (shapeshifter) (Elf:1)
  15 black bears
  2 slaves (D:6)
  An orc zombie (Vaults:1)
  4 phantoms
  6 boggarts (Vaults:1)
  36 wolves
  2 sky beasts
  18 ogres
  14 crocodiles
  6 centaurs
  7 big kobolds
  A wyvern zombie (D:10)
  18 bullfrogs
  5 merfolk simulacra (Shoals:3)
  2 gnoll sergeants
  A glowing shapeshifter simulacrum (Vaults:2)
  10 scorpions
  2 elf simulacra (Vaults:1)
  12 wights
  11 killer bees
  A manticore simulacrum (Shoals:3)
  3 howler monkeys
  A snapping turtle simulacrum (Shoals:3)
  An electric eel (D:11)
  6 crimson imps
  3 centaur zombies
  2 bullfrog zombies
  4 jellies
  A quasit (D:13)
  3 human simulacra
  24 orc priests
  17 hounds
  2 centaur skeletons
  22 orc wizards
  10 worker ants
  A hound skeleton (D:4)
  A howler monkey zombie (D:11)
  A worker ant zombie (D:8)
  12 adders
  16 gnolls
  5 shadow imps
  2 oozes
  2 worms
  2 dart slugs
  4 leopard geckos
  102 orcs
  15 bats
  7 giant cockroaches
  9 goblins
  6 hobgoblins
  10 jackals
  5 quokkas
  A ball python (D:4)
  8 frilled lizards
  A jackal zombie (D:5)
  23 kobolds
  8 rats
  A fungus (D:4)
  4 plants
  5 tentacles (Shoals:2)
1464 creatures vanquished.

Vanquished Creatures (others)
  A vault warden (Vaults:1)
  A deep elf annihilator (Vaults:1)
  A merfolk javelineer (Shoals:4)
  A yaktaur captain (Vaults:2)
  A merfolk aquamancer (Shoals:4)
  A centaur warrior (D:15)
  2 naga sharpshooters
  A deep elf knight (Elf:1)
  An unseen horror (Vaults:1)
  6 deep elf archers
  A manticore (Shoals:1)
  A faun (Shoals:4)
  2 cyclopes
  5 yaktaurs
  2 orc warriors (Orc:2)
  An ogre (Depths:2)
  3 centaurs (Shoals:2)
  A kobold (D:12)
  10 fungi
  18 plants
  19 tentacles (Shoals:2)
79 creatures vanquished.

Grand Total: 1543 creatures vanquished

Notes
Turn   | Place    | Note
-------+----------+-------------------------------------------
     0 | D:1      | Morbidden the Vine Stalker Fighter began the quest for the
                  | Orb.
     0 | D:1      | Reached XP level 1. HP: 11/11 MP: 2/2
   124 | D:1      | Reached XP level 2. HP: 2/16 MP: 3/3
   527 | D:1      | Reached skill level 1 in Spellcasting
   862 | D:1      | Reached XP level 3. HP: 20/20 MP: 5/5
  1827 | D:2      | Found a faded altar of an unknown god.
  1885 | D:3      | Gained mutation: Your natural rate of healing is unusually
                  | fast. [Vine Stalker growth]
  1885 | D:3      | Reached XP level 4. HP: 23/24 MP: 7/7
  2013 | D:3      | Found a snail-covered altar of Cheibriados.
  2022 | D:3      | Became a worshipper of Cheibriados the Contemplative
  2329 | D:3      | Reached XP level 5. HP: 28/28 MP: 8/8
  2345 | D:3      | Found a shimmering altar of Xom.
  2348 | D:3      | Found a glowing golden altar of the Shining One.
  2462 | D:4      | Reached * piety under Cheibriados
  2469 | D:4      | Reached skill level 1 in Invocations
  2477 | D:4      | Noticed a phantom
  2495 | D:4      | Reached XP level 6. HP: 30/33 MP: 10/10
  2529 | D:4      | Noticed Eustachio
  2560 | D:4      | Killed Eustachio
  2560 | D:4      | Reached skill level 1 in Dodging
  2560 | D:4      | Reached XP level 7. HP: 31/37 MP: 11/11
  2703 | D:4      | Found a hazy altar of Hepliaklqana.
  2966 | D:4      | Reached ** piety under Cheibriados
  3189 | D:4      | Gained mutation: You have razor-sharp teeth. [Vine Stalker
                  | growth]
  3189 | D:4      | Reached XP level 8. HP: 42/42 MP: 13/13
  3213 | D:5      | Entered Level 5 of the Dungeon
  3226 | D:5      | Reached skill level 1 in Stealth
  3501 | D:5      | Found a radiant altar of Vehumet.
  3503 | D:5      | Found a shadowy altar of Dithmenos.
  3538 | D:5      | Found a staircase to the Ecumenical Temple.
  3580 | D:5      | Found a hide-covered altar of Uskayaw.
  4161 | D:6      | Reached *** piety under Cheibriados
  4164 | D:6      | Reached skill level 5 in Fighting
  4329 | D:6      | Noticed Pikel
  4339 | D:6      | Killed Pikel
  4339 | D:6      | Reached skill level 5 in Long Blades
  4339 | D:6      | Reached XP level 9. HP: 40/47 MP: 16/16
  4625 | D:7      | Found an iron altar of Okawaru.
  4761 | D:7      | Reached **** piety under Cheibriados
  5092 | D:8      | Reached skill level 5 in Invocations
  5150 | D:8      | Found Waihia Lopo's Assorted Antiques.
  5163 | D:8      | Reached skill level 5 in Spellcasting
  5166 | D:8      | Bought a glowing scimitar for 210 gold pieces
  5180 | D:8      | Reached skill level 5 in Shields
  5211 | D:8      | Reached XP level 10. HP: 53/53 MP: 18/18
  5234 | D:8      | Noticed a sixfirhy
  5235 | D:8      | Found a runed door.
  5253 | D:8      | Noticed Grum
  5258 | D:8      | Killed Grum
  5316 | D:8      | Reached ***** piety under Cheibriados
  5419 | D:8      | Found an ancient bone altar of Kikubaaqudgha.
  5502 | D:8      | Found a white marble altar of Elyvilon.
  5953 | D:9      | Found an opulent altar of Gozag.
  6258 | D:9      | Found a sparkling altar of Nemelex Xobeh.
  6557 | D:10     | Entered Level 10 of the Dungeon
  6828 | D:10     | Reached XP level 11. HP: 58/58 MP: 21/21
  7065 | D:11     | Noticed a two-headed ogre
  7076 | D:11     | Killed a two-headed ogre
  7124 | D:11     | Reached ****** piety under Cheibriados
  7329 | D:11     | Found a staircase to the Orcish Mines.
  7532 | D:11     | Found a staircase to the Lair.
  7595 | D:11     | Found a transporter.
  7597 | D:11     | Noticed ilii's ghost (journeyman MfSu)
  7600 | D:11     | Noticed a two-headed ogre
  7605 | D:11     | Identified the +4 great mace "Qaez" {crush, rPois MR-
                  | Str+3}
  7605 | D:11     | Noticed a two-headed ogre
  7610 | D:11     | Found a transporter.
  7959 | Lair:1   | Entered Level 1 of the Lair of Beasts
  8206 | Lair:1   | Identified the Almanac of Conjuration and Stones
  8729 | Lair:2   | Found a staircase to the Shoals.
  8914 | Lair:2   | Noticed a six-headed hydra
  8921 | Lair:2   | Killed a six-headed hydra
  8985 | Lair:2   | Found a staircase to the Snake Pit.
  8994 | Lair:2   | Reached skill level 5 in Armour
  9003 | Lair:2   | Gained mutation: You heal very quickly. [Vine Stalker
                  | growth]
  9003 | Lair:2   | Reached XP level 12. HP: 41/64 MP: 23/23
  9037 | Lair:2   | Found a runed door.
  9048 | Lair:2   | Identified the +1 trident of Gusm {holy, rElec rC+ Int+7}
  9048 | Lair:2   | Noticed a spriggan rider
  9049 | Lair:2   | Noticed WhatIsLove's ghost (journeyman FoMo)
  9981 | Lair:3   | Noticed a seven-headed hydra
  9988 | Lair:3   | Killed a seven-headed hydra
  9995 | Lair:3   | Got a polished chain mail
 10015 | Lair:3   | Identified the +0 chain mail "Zeh Ojio" {rN+} (You found it
                  | on level 3 of the Lair of Beasts)
 10039 | Lair:3   | Noticed Snorg
 10044 | Lair:3   | Killed Snorg
 10143 | Lair:3   | You fall through a shaft for 2 floors!
 10151 | Lair:5   | Reached skill level 1 in Evocations
 10172 | Lair:5   | Found a runed door.
 10178 | Lair:5   | Reached skill level 5 in Dodging
 10616 | Lair:4   | Noticed Cemeysch's ghost (journeyman GnWn)
 10619 | Lair:4   | Found a runed door.
 10897 | Lair:4   | Reached XP level 13. HP: 41/70 MP: 24/26
 11605 | Lair:5   | Reached skill level 10 in Long Blades
 11675 | Lair:5   | Found a staircase to the Slime Pits.
 12295 | Lair:6   | Entered Level 6 of the Lair of Beasts
 12585 | Lair:6   | Reached skill level 5 in Stealth
 12721 | Lair:6   | Reached XP level 14. HP: 63/75 MP: 27/27
 12815 | Lair:6   | Got a scorched garnet amulet
 12817 | Lair:6   | Identified the amulet "Uruijuzu" {Faith +Blink rC+ rN+
                  | Stlth+} (You found it on level 6 of the Lair of Beasts)
 13444 | Lair:6   | Found a runed door.
 13507 | Lair:6   | Reached skill level 10 in Fighting
 13511 | Lair:6   | Paralysed by a hornet for 3 turns
 13597 | Lair:6   | Reached skill level 10 in Invocations
 14936 | D:13     | Noticed Sonja
 14946 | D:13     | Killed Sonja
 15070 | D:13     | Found a gate to the Vaults.
 15138 | D:13     | Reached skill level 10 in Spellcasting
 15360 | D:13     | Noticed Urug
 15364 | D:13     | Killed Urug
 15364 | D:13     | Reached XP level 15. HP: 70/81 MP: 30/30
 15537 | D:14     | Found a runed gate.
 15542 | D:14     | Found a runed gate.
 15543 | D:14     | Found a runed gate.
 15543 | D:14     | Noticed lis82's ghost (journeyman DgFi)
 15545 | D:14     | Found an iron altar of Okawaru.
 15585 | D:14     | Found a gate leading to a gauntlet.
 15631 | Gauntlet | Entered a Gauntlet
 15631 | Gauntlet | Found a transporter.
 15641 | Gauntlet | Found a transporter.
 15655 | Gauntlet | Found a transporter.
 15660 | Gauntlet | Found a transporter.
 15677 | Gauntlet | Found a transporter.
 15694 | Gauntlet | Found a transporter.
 15712 | Gauntlet | Found a transporter.
 15720 | Gauntlet | Found a large runed translucent door.
 15721 | Gauntlet | Found a large runed translucent door.
 15722 | Gauntlet | Found a large runed translucent door.
 15722 | Gauntlet | Found a large runed translucent door.
 15723 | Gauntlet | Found a runed translucent gate.
 15724 | Gauntlet | Found a transporter.
 15724 | Gauntlet | Found a runed translucent gate.
 15725 | Gauntlet | Found a runed translucent gate.
 15726 | Gauntlet | Found a large runed translucent door.
 15726 | Gauntlet | Found a large runed translucent door.
 15727 | Gauntlet | Found a large runed translucent door.
 15728 | Gauntlet | Found a large runed translucent door.
 15736 | Gauntlet | Found a transporter.
 15748 | Gauntlet | Found a transporter.
 15768 | Gauntlet | Found a transporter.
 15788 | Gauntlet | Found a transporter.
 15790 | Gauntlet | Found a transporter.
 15830 | Gauntlet | Found a transporter.
 15832 | Gauntlet | Found a transporter.
 15834 | Gauntlet | Found a transporter.
 15834 | Gauntlet | Found a large runed translucent door.
 15834 | Gauntlet | Found a large runed translucent door.
 15835 | Gauntlet | Found a large runed translucent door.
 15835 | Gauntlet | Found a large runed translucent door.
 15876 | Gauntlet | Found a transporter.
 15878 | Gauntlet | Found a transporter.
 15961 | Gauntlet | Got a fine fustibalus
 15965 | Gauntlet | Identified the +11 fustibalus of Teutoatt {velocity, rPois
                  | MP+9 Int-2 Stlth+} (You found it in a Gauntlet)
 15976 | Gauntlet | Found a large runed translucent door.
 15976 | Gauntlet | Found a large runed translucent door.
 15976 | Gauntlet | Found a runed translucent door.
 15976 | Gauntlet | Found a runed translucent door.
 15982 | Gauntlet | Found a large runed translucent door.
 15983 | Gauntlet | Found a large runed translucent door.
 16078 | Gauntlet | Got a pair of heavily runed boots
 16090 | Gauntlet | Identified the +1 pair of boots "Alabin" {Int+2} (You found
                  | it in a Gauntlet)
 16118 | Gauntlet | Identified the +7 short sword of Tub Eny {drain, *Drain
                  | +Blink rC+++ rN+}
 16173 | Gauntlet | Identified Weweewir's Guide on Displacement
 16489 | D:14     | Reached skill level 1 in Slings
 16553 | D:14     | Reached skill level 10 in Shields
 17269 | D:14     | Killed lis82's ghost
 18486 | D:15     | Entered Level 15 of the Dungeon
 19037 | D:15     | Found a staircase to the Depths.
 19037 | D:15     | Noticed a frost giant
 19044 | D:15     | Killed a frost giant
 19225 | Orc:1    | Entered Level 1 of the Orcish Mines
 19225 | Orc:1    | Found Dafen's Assorted Antiques.
 19302 | Orc:1    | Bought an ivory ring for 125 gold pieces
 19427 | Orc:1    | Reached XP level 16. HP: 87/87 MP: 32/32
 19525 | Orc:1    | Found a roughly hewn altar of Beogh.
 19816 | Orc:2    | Entered Level 2 of the Orcish Mines
 19867 | Orc:2    | Reached skill level 5 in Slings
 19877 | Orc:2    | Found a roughly hewn altar of Beogh.
 19902 | Orc:2    | Found Aquwkax's Antique Armour Shoppe.
 19907 | Orc:2    | Found Nicvot's General Store.
 19951 | Orc:2    | Found Xecs's Book Shoppe.
 19968 | Orc:2    | Found Nouzext's Antique Weapon Shoppe.
 20058 | Orc:2    | Found Atopan's Jewellery Shop.
 20082 | Orc:2    | Noticed Azrael
 20090 | Orc:2    | Killed Azrael
 20146 | Orc:2    | Found a staircase to the Elven Halls.
 20644 | Shoals:1 | Entered Level 1 of the Shoals
 20938 | Shoals:1 | Got a shimmering long sword
 20939 | Shoals:1 | Identified the +4 long sword "Veikityo" {venom, Int+3} (You
                  | found it on level 1 of the Shoals)
 20983 | Shoals:1 | Noticed Louise
 20997 | Shoals:1 | Killed Louise
 21565 | Shoals:2 | Found a transporter.
 21652 | Shoals:2 | Noticed a kraken
 21777 | Shoals:2 | Killed a kraken
 21800 | Shoals:2 | Found a transporter.
 22364 | Shoals:2 | Got a bound ruby amulet
 22378 | Shoals:2 | Got a faintly glowing lead ring
 22380 | Shoals:2 | Identified the ring of Sil Avei {Fire Str+4} (You found it
                  | on level 2 of the Shoals)
 22382 | Shoals:2 | Identified the amulet "Ypniqok" {Spirit rC+ MR+} (You found
                  | it on level 2 of the Shoals)
 22551 | Shoals:3 | Reached XP level 17. HP: 77/93 MP: 33/33
 22875 | Shoals:3 | Found a runed gate.
 22875 | Shoals:3 | Found a runed gate.
 22875 | Shoals:3 | Found a runed gate.
 22947 | Shoals:3 | Noticed Pedoas's ghost (adept DDFi)
 23101 | Shoals:4 | Entered Level 4 of the Shoals
 23784 | Shoals:4 | Identified the +4 flail "Vacin" {flame, SInv}
 23854 | Shoals:4 | Got a barnacled rune of Zot
 24904 | Shoals:3 | Killed Pedoas's ghost
 25112 | Elf:1    | Entered Level 1 of the Elven Halls
 25138 | Elf:1    | Gained mutation: Scrolls take you a little longer to read.
                  | [a neqoxec]
 25367 | Elf:1    | Reached XP level 18. HP: 29/98 MP: 35/35
 25804 | Elf:1    | Noticed a deep elf blademaster
 25806 | Elf:1    | Identified the +6 longbow "Orb Guardian's Foe" {speed,
                  | Int+4}
 25806 | Elf:1    | Noticed a deep elf master archer
 25806 | Elf:1    | Identified the cursed +3 rapier of Broken Luck {vamp, rPois
                  | MP+9 Str+2 Stlth+}
 25806 | Elf:1    | Noticed a deep elf blademaster
 25808 | Elf:1    | Identified the +3 rapier of Heischaunk {antimagic, -Tele
                  | rC+ Int+3 SInv}
 25808 | Elf:1    | Noticed a deep elf blademaster
 25823 | Elf:1    | Noticed Emeyfac's ghost (adept TrCK)
 25830 | Elf:1    | Found a bloodstained altar of Trog.
 25838 | Elf:1    | Found a transporter.
 25844 | Elf:1    | Found a transporter.
 26785 | Elf:2    | Found a huge runed gate.
 26785 | Elf:2    | Found a huge runed gate.
 26786 | Elf:2    | Found a huge runed gate.
 26791 | Elf:2    | Found a huge runed gate.
 26794 | Elf:2    | Found a huge runed gate.
 26976 | Elf:2    | Lost mutation: Scrolls take you a little longer to read.
                  | [potion of mutation]
 26976 | Elf:2    | Gained mutation: Your muscles are strong. (Str +2) [potion
                  | of mutation]
 26976 | Elf:2    | Gained mutation: You expend magic power (3 MP) to
                  | strengthen your wands. [potion of mutation]
 27647 | Vaults:1 | Entered Level 1 of the Vaults
 27782 | Vaults:1 | Found Podditra's General Store.
 27874 | Vaults:1 | Reached skill level 10 in Slings
 28012 | Vaults:1 | Reached XP level 19. HP: 102/102 MP: 37/37
 28103 | Vaults:1 | Found a shadowy altar of Dithmenos.
 28483 | Vaults:1 | Found the +8 glaive of the Guard {elec, +Rage AC+5 SInv}
 28868 | Vaults:1 | Upgraded the game from 0.23-a0-677-g07611c5723 to
                  | 0.23-a0-690-g0a1fc62c7c
 29047 | Vaults:1 | Found a portal to a secret trove of treasure.
 29310 | Vaults:1 | You paid a toll of +2 storm dragon scales to enter a
                  | treasure trove
 29311 | Trove    | Entered a treasure trove
 29386 | Trove    | Identified the ring of Jyngehom {*Corrode rF+ rN+ Dex+4}
                  | (You found it in a treasure trove)
 29663 | Vaults:2 | Noticed a lich
 29670 | Vaults:2 | Killed a lich
 29998 | Vaults:2 | Found Nuas's Armour Boutique.
 30130 | Vaults:2 | Noticed Sojobo
 30264 | Vaults:2 | Found Puyxilut's Magic Scroll Shop.
 30272 | Vaults:2 | Bought a scroll of enchant weapon for 120 gold pieces
 30272 | Vaults:2 | Bought a scroll of blinking for 120 gold pieces
 30272 | Vaults:2 | Bought a scroll of blinking for 120 gold pieces
 30488 | Vaults:2 | Reached XP level 20. HP: 108/108 MP: 39/39
 30679 | Orc:2    | Bought the ring of the Cast Vote {*Corrode rElec rN+ SInv}
                  | for 331 gold pieces
 30792 | Snake:1  | Entered Level 1 of the Snake Pit
 30824 | Snake:1  | Noticed Kirke
 30930 | Snake:1  | Killed Kirke
 31004 | Snake:1  | Noticed Josephine
 31013 | Snake:1  | Killed Josephine
 31110 | Snake:1  | Got a crude ivory ring
 31175 | Snake:1  | You fall through a shaft!
 31368 | Snake:2  | Identified the ring of Moderation {Fire Dex+4} (You found
                  | it on level 1 of the Snake Pit)
 32979 | Snake:3  | Found Amotu's Armour Emporium.
 33254 | Snake:4  | Entered Level 4 of the Snake Pit
 33663 | Snake:4  | Found Xompo's Jewellery Shoppe.
 33663 | Snake:4  | Found Monosuci's Gadget Shop.
 33664 | Snake:4  | Found Zeomano's Gadget Shop.
 33677 | Snake:4  | Bought the amulet of Wegiem {+Inv Regen+ Int+6} for 679
                  | gold pieces
 33901 | Snake:4  | Reached XP level 21. HP: 108/113 MP: 40/40
 34689 | Snake:4  | Got a serpentine rune of Zot
 35124 | Depths:1 | Entered Level 1 of the Depths
 35420 | Depths:1 | Found a gateway to Hell.
 35588 | Depths:1 | Noticed a caustic shrike
 35589 | Depths:1 | Paralysed by a floating eye for 4 turns
 35600 | Depths:1 | Killed a caustic shrike
 35605 | Depths:1 | Paralysed by a floating eye for 4 turns
 35612 | Depths:1 | Paralysed by a floating eye for 2 turns
 35623 | Depths:1 | Paralysed by a floating eye for 3 turns
 35643 | Depths:1 | Identified the amulet "Heunaneg" {RegenMP rF+} (You found
                  | it on level 1 of the Depths)
 35996 | Depths:2 | Reached skill level 15 in Shields
 36002 | Depths:2 | Reached skill level 15 in Spellcasting
 36002 | Depths:2 | Blown up by a lich

Vault maps used:
D:1:      psy_arrival_fountain, minmay_misc_feat_diagonals
D:2:      minmay_chambers_of_ones, chequers_ecumenical_altar_lobes
D:3:      cheibriados_altar_1, minitemple, serial_forest,
          infiniplex_forest_lined_2, infiniplex_forest_clump_tiny,
          infiniplex_forest_lined_3_way, infiniplex_forest_clump_tiny,
          infiniplex_forest_lined_room_3
D:4:      old_forge, lemuel_doored_altar, first_ration,
          chequers_serial_rivers_small_b, minmay_mini_jars, uniq_eustachio
D:5:      eat_drink_and_be_merry_uskayaw,
          chequers_temple_overflow_statue_of_worship,
          minmay_temple_entry_proselytizer, minmay_pentangle
D:6:      uniq_pikel
D:7:      okawaru_metal_pillars_3, nicolae_overflow_hidden_temple
D:8:      cheibrodos_shockbox, nicolae_overflow_crystal_walls, elyvilon_altar_5,
          serial_shops, shop, uniq_grum
D:9:      grunt_gozag_breadcrumbs, kennysheep_little_box, blue_anna_alchemist
D:11:     erik_lair_island, hiddenorc2_lemuel, gammafunk_ghost_smash
D:13:     erik_vaults_1, st_stairs_5, minmay_crystal_room,
          einodemon_armed_red_devil_minivault, uniq_sonja, uniq_urug
D:14:     minmay_box_of_statues, gammafunk_ghost_fury_of_okawaru,
          gauntlet_entry_generic, minmay_misc_feat_x, item_on_display_b
D:15:     grunt_enter_depths_snipers, minivault_23
Lair:1:   chequers_serial_rivers_large_b
Lair:2:   elwin_shoals_entry_rocks, minmay_snake_entry_guardpost_medium,
          ebering_ghost_funeral_grove, chequers_serial_rivers_micro_e,
          chequers_serial_rivers_small_b
Lair:3:   grunt_megastairs_4, serial_bayou_shore_b, uniq_snorg
Lair:4:   hellmonk_ghost_happy_afterlife, infiniplex_staircase_pool_2,
          grunt_megastairs_3
Lair:5:   gammafunk_mikee_crab_dinner, minmay_slime_entry_oklob_open,
          lemuel_fruit_fields
Lair:6:   hangedman_lair_caniforms_friends, wormcave, serial_bayou_shore_b,
          serial_bayou_shore_b
Shoals:1: uniq_louise
Shoals:2: gammafunk_its_a_trap
Shoals:3: gammafunk_ghost_necromancy
Shoals:4: shoals_end_hangedman
Snake:1:  nicolae_large_snake_swirl, uniq_kirke, uniq_josephine
Snake:2:  grunt_megastairs_1
Snake:3:  serial_shops, shop_statue, basic_stair_grate_trap, grunt_megastairs_2
Snake:4:  grunt_snake_rune_pools, lemuel_fruit_tree, minmay_shop_grove
Orc:1:    serial_shops, shop_fountains, basic_altar,
          nicolae_orc_flooded_monolith
Orc:2:    grunt_orc_cross, serial_shops, shop, uniq_azrael
Elf:1:    minmay_elf_arrival_summoners, gammafunk_ghost_wrathful_warriors,
          minivault_28
Elf:2:    serial_sigils_hangedman_confine
Vaults:1: minmay_guarded_unrand_guard_vaults, ontoclasm_vaults_pinch,
          vaults_room_grunt_arrival_ludios, vaults_standard_mumra_lines,
          nicolae_vaults_asterisk, hangedman_vaults_capsules,
          vaults_room_door_ring, serial_shops, shop, basic_altar, enter_trove_3
Vaults:2: hangedman_vaults_unwind, vaults_mumra_lcd,
          vaults_room_grunt_arrival_checkpoint,
          nicolae_vaults_ring_of_whatevers, ontoclasm_vaults_chip,
          vaults_room_hangedman_quadrants, grunt_vaults_diagonal,
          nicolae_vaults_ring_of_whatevers, hangedman_vaults_stream, v_misc_27,
          nicolae_vaults_three_branches, serial_shops, shop, shop, shop,
          uniq_sojobo
Depths:1: kennysheep_four_of_diamonds, hell_entry, minivault_16,
          hangedman_abyss_or_decor_jellyfish_corner, grunt_ministairs_12,
          onia_ninara_cookie, uniq_asterion
Depths:2: minmay_fractal_lines_corner, minmay_stone_trees_medium,
          grunt_mini_vestibule, serial_shops, nicolae_shop_crystal,
          serial_bayou_pond_e, minmay_misc_feat_secret_circle,
          minmay_checkered_concentric_circles
Trove:    trove_simple
Gauntlet: gammafunk_gauntlet_one_two_three

Skill      XL: |  1  2  3  4  5  6  7  8  9 10 11 12 13 14 15 16 17 18 19 20 21 |
---------------+----------------------------------------------------------------+-----
Fighting       | 3 4 5 6 7 8 9 10 11 12 13 | 13.5
Spellcasting   | 1 2 3 4 5 6 7 8 10 11 12 13 14 15 | 15.0
Long Blades    | 2 3 5 6 7 8 9 10 11 12 13 14 | 14.0
Shields        | 3 4 5 6 7 8 9 10 11 12 13 14 15 | 15.0
Armour         | 3 4 5 6 7 8 9 |  9.6
Invocations    | 1 2 4 5 6 7 8 9 10 | 10.6
Dodging        | 1 2 3 4 5 6 7 8 9 |  9.9
Stealth        | 3 5 6 7 |  7.8
Evocations     | 1 2 |  2.1
Slings         | 3 7 8 10 11 12 13 | 13.1

Action                   |  1- 3 |  4- 6 |  7- 9 | 10-12 | 13-15 | 16-18 | 19-21 || total
-------------------------+-------+-------+-------+-------+-------+-------+-------++-------
Melee: Long sword        |    93 |   162 |   148 |       |       |       |       ||   403
       Bite              |    26 |    65 |   131 |   325 |   637 |   669 |   459 ||  2312
       Scimitar          |       |       |   116 |   518 |   846 |       |       ||  1480
       Demon blade       |       |       |       |       |    27 |  1221 |   715 ||  1963
 Fire: Fustibalus        |       |       |       |       |    63 |   307 |   443 ||   813
Throw: Tomahawk          |       |       |       |       |     3 |       |       ||     3
Invok: Slouch            |       |       |       |       |     2 |     9 |    13 ||    24
       Bend Time         |       |       |       |       |     1 |       |       ||     1
       Step From Time    |       |       |       |       |       |     1 |       ||     1
Evoke: Wand              |       |       |       |    11 |     7 |    16 |     1 ||    35
       Sack of spiders   |       |       |       |       |       |     4 |       ||     4
       Lamp of fire      |       |       |       |       |       |     2 |     2 ||     4
       Phantom mirror    |       |       |       |       |       |       |     1 ||     1
  Use: Scroll            |       |       |    14 |     7 |    13 |     9 |    21 ||    64
       Potion            |       |       |       |     3 |     1 |     2 |     2 ||     8
 Stab: Sleeping          |       |       |     5 |     2 |    18 |       |       ||    25
       Distracted        |       |       |     1 |       |     2 |       |       ||     3
       Petrified         |       |       |       |       |     3 |       |       ||     3
       Paralysed         |       |       |       |       |     3 |       |       ||     3
       Confused          |       |       |       |       |     2 |       |       ||     2
       Petrifying        |       |       |       |       |     1 |       |       ||     1
       Held in net/web   |       |       |       |       |     1 |       |       ||     1
  Eat: Chunk             |     3 |     3 |     4 |     7 |    11 |    11 |     8 ||    47
       Ration            |       |       |       |     3 |     3 |     1 |     4 ||    11
Armor: Scale mail        |    41 |    92 |    17 |       |       |       |       ||   150
       Leather armour    |       |       |    79 |       |       |       |       ||    79
       Plate armour      |       |       |    22 |   235 |       |       |       ||   257
       Troll leather arm |       |       |       |    20 |   222 |       |       ||   242
       Crystal plate arm |       |       |       |       |    75 |   525 |   276 ||   876
       Skin              |       |       |       |       |     6 |       |       ||     6
Dodge: Dodged            |    26 |    64 |   114 |   219 |   599 |   317 |   254 ||  1593
Block: Shield            |    36 |    94 |   196 |   491 |   984 |   130 |       ||  1931
       Reflection        |       |       |       |       |    27 |   164 |    96 ||   287
       Large shield      |       |       |       |       |       |  1361 |  1045 ||  2406
       Rpst.: Long sword |     9 |    19 |    13 |       |       |       |       ||    41
       Scimitar          |       |       |    14 |    59 |   148 |       |       ||   221
       Demon blade       |       |       |       |       |     1 |    56 |    43 ||   100

Table legend:
 A = Non-vault XP
 B = Vault XP
 C = Vault XP percentage of total XP
 D = Non-vault monster count
 E = Vault monster count
 F = Vault count percentage of total count
                 A         B        C        D         E       F
            +---------+---------+-------+---------+---------+-------
      Total |  309062 |  256805 |  45.4 |     954 |     529 |  35.7
            +---------+---------+-------+---------+---------+-------
        D:1 |      34 |       0 |   0.0 |      16 |       0 |   0.0
        D:2 |      27 |       8 |  22.9 |      13 |       5 |  27.8
        D:3 |     106 |       0 |   0.0 |      29 |       0 |   0.0
        D:4 |     557 |     627 |  53.0 |      29 |      19 |  39.6
        D:5 |     171 |     390 |  69.5 |       9 |       7 |  43.8
        D:6 |     543 |     641 |  54.1 |      10 |       1 |   9.1
        D:7 |     921 |       0 |   0.0 |      29 |       0 |   0.0
        D:8 |    2336 |    1179 |  33.5 |      41 |       4 |   8.9
        D:9 |    1198 |      95 |   7.3 |      23 |       1 |   4.2
       D:10 |    1918 |       0 |   0.0 |      17 |       0 |   0.0
       D:11 |    3528 |    1065 |  23.2 |      26 |      41 |  61.2
       D:12 |    4033 |       0 |   0.0 |      44 |       0 |   0.0
       D:13 |    3097 |    5045 |  62.0 |      15 |      10 |  40.0
       D:14 |    8403 |   18209 |  68.4 |      41 |      31 |  43.1
       D:15 |    3779 |    3027 |  44.5 |      14 |       3 |  17.6
     Lair:1 |    1459 |       0 |   0.0 |      11 |       0 |   0.0
     Lair:2 |    2703 |    1386 |  33.9 |      10 |       8 |  44.4
     Lair:3 |    6102 |    2057 |  25.2 |      25 |       6 |  19.4
     Lair:4 |    7383 |    1910 |  20.6 |      24 |       4 |  14.3
     Lair:5 |   10228 |    2835 |  21.7 |      41 |       4 |   8.9
     Lair:6 |    8250 |   17264 |  67.7 |      24 |      74 |  75.5
   Shoals:1 |   15347 |    1715 |  10.1 |      31 |       1 |   3.1
   Shoals:2 |   12166 |    3662 |  23.1 |      25 |       7 |  21.9
   Shoals:3 |   11301 |    3861 |  25.5 |      25 |      12 |  32.4
   Shoals:4 |   18521 |   19256 |  51.0 |      42 |      32 |  43.2
    Snake:1 |   12721 |    4384 |  25.6 |      21 |       8 |  27.6
    Snake:2 |   14883 |    2415 |  14.0 |      27 |       2 |   6.9
    Snake:3 |   17776 |    3865 |  17.9 |      30 |       9 |  23.1
    Snake:4 |   23198 |   40942 |  63.8 |      45 |      58 |  56.3
      Orc:1 |    5589 |       0 |   0.0 |      43 |       0 |   0.0
      Orc:2 |     805 |   10122 |  92.6 |       7 |      42 |  85.7
      Elf:1 |   14937 |   10897 |  42.2 |      25 |      18 |  41.9
      Elf:2 |   16256 |   24193 |  59.8 |      25 |      30 |  54.5
   Vaults:1 |   23225 |   21853 |  48.5 |      40 |      29 |  42.0
   Vaults:2 |   41732 |   19525 |  31.9 |      51 |      25 |  32.9
   Depths:1 |    8615 |   19967 |  69.9 |      19 |      15 |  44.1
   Depths:2 |    5214 |    9670 |  65.0 |       7 |       6 |  46.2
   Gauntlet |       0 |    4740 | 100.0 |       0 |      17 | 100.0
            +---------+---------+-------+---------+---------+-------
